 Dungeon Crawl Stone Soup version 0.27-a0-1217-g8a41f320e8 (webtiles) character file.

Game seed: 5891172190138215745

68 polve the Cutter (level 4, -10/36 HPs)
             Began as a Demonspawn Abyssal Knight on June 5, 2021.
             Was a Follower of Lugonu.
             Mangled by Crazy Yiuf
             ... wielding a +3 quarterstaff of chaos
              (18 damage)
             ... on level 2 of the Dungeon.
             The game lasted 00:01:14 (1564 turns).

polve the Cutter (Demonspawn Abyssal Knight)        Turns: 1564, Time: 00:01:14

Health: -10/36     AC:  4    Str: 10 (12) XL:     4   Next: 1%
Magic:  5/5        EV: 10    Int: 14 (15) God:    Lugonu [*.....]
Gold:   114        SH:  3    Dex: 11 (12) Spells: 3/3 levels left

rFire    . . .     SeeInvis .   c - +11 rapier "Demonspawn's Peril" {vamp, rElec rN+}
rCold    . . .     Faith    .   g - +0 buckler
rNeg     + . .     Spirit   .   b - +0 leather armour
rPois    .         Reflect  .   (helmet restricted)
rElec    +         Harm     .   (no cloak)
rCorr    .         Rampage  .   (no gloves)
Will     .....                  (no boots)
Stlth    +.........             (no amulet)
HPRegen  0.12/turn              (no ring)
MPRegen  0.09/turn              (no ring)

@: brilliant, attractive
A: horns 1, rugged brown scales 1, demonic magic 1
a: Renounce Religion, Depart the Abyss


You were on level 2 of the Dungeon.
You worshipped Lugonu.
Lugonu was aware of your devotion.
You visited 1 branch of the dungeon, and saw 2 of its levels.
You visited the Abyss 1 time.

You collected 114 gold pieces.

Inventory:

Hand Weapons
 c - the +11 rapier "Demonspawn's Peril" (weapon) {vamp, rElec rN+}
   (You found it on level 3 of the Abyss)

   It inflicts no extra harm, but heals its wielder when it wounds a living foe.
   It insulates you from electricity.
   It protects you from negative energy.
Armour
 b - a +0 leather armour (worn)
 g - a +0 buckler (worn)
Scrolls
 f - a scroll of magic mapping {unknown}
 i - a scroll of teleportation {unknown}
 j - a scroll of identify {unknown}


   Skills:
 - Level 3.0 Fighting
 + Level 3.9 Short Blades
 - Level 1.7 Armour
 - Level 0.8 Dodging
 - Level 2.4 Invocations


You had 3 spell levels left.
You didn't know any spells.
Your spell library was empty.

Dungeon Overview and Level Annotations

Branches:
Dungeon (2/15)

Altars:

Annotations:
D:2 Crazy Yiuf


Innate Abilities, Weirdness & Mutations

You have a pair of small horns on your head.
You are partially covered in rugged brown scales. (AC +1, +3% HP)
Spells you cast may paralyse adjacent enemies.


Message History

You see here a bat corpse.
Found a mace.
Found a runed translucent door.
Crazy Yiuf shouts!
Could not explore, unopened runed door.
Could not explore, unopened runed door.
No reachable target in view!
No reachable target in view!
No reachable target in view!
No reachable target in view!
No reachable target in view!
No reachable target in view!
No reachable target in view!
It was a potion of curing.
You feel better.
Crazy Yiuf says, "Walk!"
It was a potion of brilliance.
You feel clever all of a sudden.
It was a potion of attraction.
You feel attractive to monsters.
It was a potion of degeneration.
There was something very wrong with that liquid.
You feel weakened.
You feel dopey.
You feel clumsy.
Crazy Yiuf cries, "Flower green cloud!"
You open the door.
Crazy Yiuf drinks a potion.
Crazy Yiuf goes berserk!
Crazy Yiuf is pulled toward you!
You puncture Crazy Yiuf!
Crazy Yiuf is moderately wounded.
Crazy Yiuf barely misses you.
You puncture Crazy Yiuf!
Crazy Yiuf is heavily wounded.
Crazy Yiuf barely misses you.
Crazy Yiuf hits you with a +3 quarterstaff of chaos!!
Ouch! That really hurt!
* * * LOW HITPOINT WARNING * * *
Crazy Yiuf freezes you!
* * * LOW HITPOINT WARNING * * *
You puncture Crazy Yiuf!
You feel better.
Crazy Yiuf is almost dead.
Crazy Yiuf hits you with a +3 quarterstaff of chaos!!
Ouch! That really hurt!
You die...

#.# #.# #..## #.#
#.#######..# #.#
#.......#..# #.#
#######.#..# #.#
#.#..# #.########
#.#..#
#.#.+..#.### ###
#.#..#
#.......#..##...#
#.#..#
#......####@g...#
###.#..# ##..+.##
###..)#
#...#..### ######
### #####.....
##...#. #..#.#.
### #....#. #.#
#...##.
#.#######......
#.......>......


You could see Crazy Yiuf (berserk).

Vanquished Creatures
  4 adders (D:2)
  4 ball pythons
  4 bats
  5 endoplasms
  4 giant cockroaches
  3 hobgoblins
  2 quokkas
  2 frilled lizards (D:1)
  A kobold (D:1)
29 creatures vanquished.

Vanquished Creatures (others)
  2 starspawn tentacles (Abyss:3)
2 creatures vanquished.

Grand Total: 31 creatures vanquished

Notes
Turn   | Place    | Note
-------+----------+-------------------------------------------
     0 | Abyss:1  | polve the Demonspawn Abyssal Knight began the quest for the
                  | Orb.
     0 | Abyss:1  | Reached XP level 1. HP: 18/18 MP: 2/2
    30 | Abyss:1  | Found a corrupted altar of Lugonu.
    62 | Abyss:1  | Noticed a glowing orange brain
    63 | Abyss:1  | Noticed a great orb of eyes
    65 | Abyss:2  | Found a corrupted altar of Lugonu.
    82 | Abyss:3  | Noticed a tentacled starspawn
    84 | Abyss:3  | Identified the +11 rapier "Demonspawn's Peril" {vamp, rElec
                  | rN+}
    86 | Abyss:3  | Noticed a small abomination
    86 | D:1      | Escaped the Abyss
   321 | D:1      | Reached * piety under Lugonu
   325 | D:1      | Gained mutation: Spells you cast may paralyse adjacent
                  | enemies. [demonic ancestry]
   325 | D:1      | Reached XP level 2. HP: 21/24 MP: 3/3
   981 | D:2      | Gained mutation: You are partially covered in rugged brown
                  | scales. (AC +1, +3% HP) [demonic ancestry]
   981 | D:2      | Reached XP level 3. HP: 24/29 MP: 4/4
  1308 | D:2      | Found a faded altar of an unknown god.
  1410 | D:2      | Gained mutation: You have a pair of small horns on your
                  | head. [demonic ancestry]
  1410 | D:2      | Reached XP level 4. HP: 33/36 MP: 5/5
  1553 | D:2      | Found a runed translucent door.
  1554 | D:2      | Noticed Crazy Yiuf
  1563 | D:2      | HP: 1/36 [Crazy Yiuf/+3 quarterstaff of chaos (7)]
  1564 | D:2      | Mangled by Crazy Yiuf

Illustrated notes

Levels and vault maps discovered:
D:1:      dpeg_arrival_court, layout_loops_ring, minmay_misc_feat_encased,
          minmay_statues_item
D:2:      layout_loops_ring, shapermc_ecumenical_altar_totnotflames,
          uniq_crazy_yiuf_cottage

Skill      XL: |  1  2 |
---------------+-------+-----
Short Blades   | 2 3 |  3.9
Fighting       | |  3.0
Armour         | |  1.7
Dodging        | |  0.8
Invocations    | |  2.4

Action                   |  1- 3 |  4- 6 || total
-------------------------+-------+-------++-------
Melee: Rapier            |    53 |     3 ||    56
Invok: Depart the Abyss  |     1 |       ||     1
  Use: Potion            |       |     4 ||     4
 Stab: Sleeping          |     2 |       ||     2
Armor: Leather armour    |    15 |       ||    15
Dodge: Dodged            |    28 |     2 ||    30
Block: Buckler           |     5 |       ||     5

Table legend: (Time is in decaauts)
 A = Elapsed time spent in this place.
 B = Non-inter-level travel time spent in this place.
 C = Inter-level travel time spent in this place.
 D = Time resting spent in this place.
 E = Time spent auto-exploring this place.
 F = Levels seen in this place.
 G = Mean time per level.
                   A        B        C        D        E       F      G
               +--------+--------+--------+--------+--------+-----+--------+
         Total |   1566 |   1536 |     30 |      0 |   1340 |   5 |  313.2 |
       Dungeon |   1481 |   1451 |     30 |      0 |   1292 |   2 |  740.5 |
         Abyss |     85 |     85 |      0 |      0 |     48 |   3 |   28.3 |
               +--------+--------+--------+--------+--------+-----+--------+

Top non-repeatable levels by time:
     D:1: 754 daAuts
     D:2: 727 daAuts
 Abyss:1: 64 daAuts
 Abyss:3: 13 daAuts
 Abyss:2: 7 daAuts
